[ PARTIDA AOE2 · #495482812 ]
UnrankedMapuche vs Koreans
Equipo del jugador · DERR
Equipo rival · VICT
[ ANÁLISIS DE REPETICIÓN · EXTRAÍDO DE LA PARTIDA GRABADA ]
Feudal
9:11
Castillos
22:44
Imperial
29:31
| APM promedio | 57.6 |
| APM pico | 119 |
| eAPM promedio | 21.7 |
| Aldeanos / militares | 98 / 244 |
Foco
⚔️ 55.7% · 🌾 44.3%
Skirmisher ×126 · Bolas Rider ×71 · Trebuchet (Packed) ×19 · Petard ×14 · Spearman ×11 · Archer ×2
Feudal
8:54
Castillos
17:09
Imperial
32:13
| APM promedio | 34.7 |
| APM pico | 69 |
| eAPM promedio | 22.9 |
| Aldeanos / militares | 179 / 138 |
Foco
⚔️ 31.7% · 🌾 68.3%
Fire Lancer ×82 · War Wagon ×44 · Bombard Cannon ×5 · Trebuchet (Packed) ×5 · Spearman ×2
Mapa de la partida
Recursos iniciales + cada clic de construcción. Líneas = muros · curvas = relieve. ◆ oro · ⬟ piedra · ● bayas · ✦ reliquia · ◌ hueco del cierre
Tu base· ✓ Cerrada en 22:44 · 78t muro · sin puerta
Base de Beauvéro· Abierta — flanco sin cerrar
Terreno inicial suavizado · ◌ = hueco del cierre detectado · pasá el cursor para detalles
Inputs por minuto
— DS_VARVAGOD - - Beauvéro
Build order — DS_VARVAGOD
Primeras 150 de 342 acciones detectadas
| 0:00 | Crear | Villager (Male) |
| 0:01 | Crear | Villager (Male) |
| 0:02 | Construir | House |
| 0:02 | Construir | House |
| 0:13 | Crear | Villager (Male) |
| 0:13 | Crear | Villager (Male) |
| 0:14 | Crear | Villager (Male) |
| 1:16 | Crear | Villager (Male) |
| 1:16 | Crear | Villager (Male) |
| 2:02 | Construir | Settlement |
| 2:04 | Crear | Villager (Male) |
| 2:04 | Crear | Villager (Male) |
| 2:17 | Crear | Villager (Male) |
| 2:17 | Crear | Villager (Male) |
| 2:34 | Crear | Villager (Male) |
| 3:19 | Crear | Villager (Male) |
| 3:20 | Crear | Villager (Male) |
| 3:20 | Crear | Villager (Male) |
| 3:49 | Crear | Villager (Male) |
| 3:49 | Crear | Villager (Male) |
| 3:49 | Crear | Villager (Male) |
| 4:31 | Crear | Villager (Male) |
| 4:45 | Construir | Settlement |
| 4:51 | Crear | Villager (Male) |
| 4:51 | Crear | Villager (Male) |
| 5:22 | Crear | Villager (Male) |
| 5:41 | Crear | Villager (Male) |
| 6:19 | Crear | Villager (Male) |
| 6:22 | Investigar | Loom |
| 6:34 | Crear | Villager (Male) |
| 6:36 | Investigar | Loom |
| 7:01 | Investigar | Feudal Age |
| 8:43 | Crear | Villager (Male) |
| 9:11 | Edad | Edad Feudal |
| 9:13 | Investigar | Horse Collar |
| 9:14 | Investigar | Double-Bit Axe |
| 9:14 | Crear | Villager (Male) |
| 9:16 | Crear | Spearman |
| 9:18 | Crear | Skirmisher |
| 9:18 | Crear | Skirmisher |
| 9:36 | Construir | Settlement |
| 9:37 | Crear | Villager (Male) |
| 9:46 | Construir | Farm |
| 9:47 | Construir | Farm |
| 9:56 | Crear | Skirmisher |
| 9:56 | Crear | Skirmisher |
| 10:00 | Crear | Villager (Male) |
| 10:18 | Construir | Farm |
| 10:20 | Construir | Farm |
| 10:23 | Construir | Farm |
| 10:37 | Construir | House |
| 10:48 | Construir | House |
| 10:51 | Construir | Palisade Wall |
| 10:52 | Construir | Palisade Wall |
| 10:53 | Crear | Villager (Male) |
| 11:13 | Construir | Farm |
| 11:24 | Construir | Blacksmith |
| 11:30 | Construir | House |
| 11:33 | Crear | Villager (Male) |
| 11:33 | Crear | Villager (Male) |
| 11:34 | Crear | Skirmisher |
| 11:34 | Crear | Skirmisher |
| 11:46 | Construir | Farm |
| 12:01 | Crear | Skirmisher |
| 12:01 | Crear | Skirmisher |
| 12:01 | Crear | Villager (Male) |
| 12:18 | Crear | Villager (Male) |
| 12:21 | Construir | Farm |
| 12:22 | Construir | Farm |
| 12:25 | Crear | Villager (Male) |
| 12:42 | Construir | House |
| 12:49 | Construir | Palisade Wall |
| 12:52 | Construir | Palisade Wall |
| 12:56 | Crear | Skirmisher |
| 12:56 | Crear | Skirmisher |
| 12:56 | Crear | Villager (Male) |
| 13:02 | Crear | Skirmisher |
| 13:02 | Crear | Skirmisher |
| 13:20 | Construir | Farm |
| 13:39 | Construir | Palisade Wall |
| 13:43 | Construir | Palisade Wall |
| 13:44 | Construir | Palisade Wall |
| 13:46 | Construir | Palisade Wall |
| 13:49 | Crear | Villager (Male) |
| 13:53 | Crear | Villager (Male) |
| 13:54 | Crear | Skirmisher |
| 13:55 | Crear | Skirmisher |
| 14:05 | Construir | Farm |
| 14:07 | Construir | Farm |
| 14:09 | Construir | Farm |
| 14:19 | Crear | Spearman |
| 14:19 | Crear | Spearman |
| 14:19 | Crear | Villager (Male) |
| 14:25 | Investigar | Fletching |
| 14:40 | Construir | Farm |
| 14:44 | Crear | Spearman |
| 14:44 | Crear | Spearman |
| 14:44 | Crear | Villager (Male) |
| 14:57 | Crear | Spearman |
| 15:01 | Crear | Villager (Male) |
| 15:18 | Crear | Villager (Male) |
| 15:23 | Construir | Farm |
| 15:25 | Construir | Farm |
| 15:31 | Crear | Villager (Male) |
| 15:40 | Crear | Villager (Male) |
| 15:58 | Construir | Settlement |
| 15:59 | Crear | Villager (Male) |
| 16:03 | Construir | House |
| 16:22 | Crear | Villager (Male) |
| 16:25 | Crear | Skirmisher |
| 16:25 | Crear | Skirmisher |
| 16:25 | Crear | Villager (Male) |
| 16:48 | Construir | Palisade Wall |
| 16:52 | Construir | Palisade Wall |
| 16:54 | Construir | Palisade Wall |
| 16:55 | Construir | Palisade Wall |
| 16:56 | Construir | Palisade Wall |
| 16:57 | Crear | Villager (Male) |
| 17:02 | Construir | House |
| 17:03 | Construir | House |
| 17:25 | Crear | Villager (Male) |
| 18:36 | Crear | Villager (Male) |
| 18:53 | Crear | Villager (Male) |
| 18:58 | Construir | Barracks |
| 19:34 | Construir | Archery Range |
| 20:04 | Investigar | Castle Age |
| 20:05 | Investigar | Castle Age |
| 20:18 | Construir | Settlement |
| 20:29 | Construir | House |
| 20:31 | Construir | House |
| 20:38 | Investigar | Gold Mining |
| 20:45 | Construir | House |
| 20:46 | Construir | House |
| 20:46 | Construir | House |
| 20:54 | Construir | Palisade Wall |
| 20:55 | Construir | House |
| 20:55 | Construir | House |
| 20:59 | Construir | House |
| 21:01 | Crear | Villager (Male) |
| 21:08 | Investigar | Stone Mining |
| 21:12 | Crear | Villager (Male) |
| 21:15 | Construir | Settlement |
| 21:18 | Crear | Villager (Male) |
| 21:22 | Crear | Skirmisher |
| 21:22 | Crear | Skirmisher |
| 21:22 | Crear | Skirmisher |
| 21:37 | Construir | Archery Range |
| 21:39 | Construir | House |
| 22:01 | Construir | House |
| 22:10 | Crear | Villager (Male) |
Build order — Beauvéro
Primeras 150 de 467 acciones detectadas
| 0:00 | Crear | Villager (Male) |
| 0:01 | Crear | Villager (Male) |
| 0:01 | Crear | Villager (Male) |
| 0:01 | Crear | Villager (Male) |
| 0:01 | Crear | Villager (Male) |
| 0:02 | Construir | House |
| 0:04 | Construir | House |
| 1:30 | Crear | Villager (Male) |
| 2:01 | Construir | Lumber Camp |
| 2:02 | Crear | Villager (Male) |
| 2:02 | Crear | Villager (Male) |
| 2:22 | Crear | Villager (Male) |
| 2:22 | Crear | Villager (Male) |
| 2:50 | Crear | Villager (Male) |
| 2:50 | Crear | Villager (Male) |
| 3:19 | Crear | Villager (Male) |
| 3:20 | Crear | Villager (Male) |
| 3:34 | Construir | House |
| 3:37 | Construir | House |
| 3:40 | Construir | Palisade Wall |
| 3:43 | Crear | Villager (Male) |
| 3:43 | Crear | Villager (Male) |
| 4:15 | Crear | Villager (Male) |
| 4:15 | Crear | Villager (Male) |
| 4:52 | Crear | Villager (Male) |
| 5:08 | Construir | Mill |
| 5:22 | Crear | Villager (Male) |
| 6:08 | Crear | Villager (Male) |
| 6:44 | Investigar | Feudal Age |
| 7:52 | Crear | Villager (Male) |
| 8:16 | Construir | Barracks |
| 8:28 | Construir | Mill |
| 8:54 | Edad | Edad Feudal |
| 9:07 | Construir | Farm |
| 9:09 | Construir | Farm |
| 9:28 | Crear | Villager (Male) |
| 9:29 | Crear | Villager (Male) |
| 9:31 | Investigar | Loom |
| 9:45 | Construir | Palisade Gate |
| 10:13 | Construir | Archery Range |
| 10:16 | Crear | Villager (Male) |
| 10:23 | Construir | Farm |
| 10:23 | Construir | Farm |
| 10:29 | Investigar | Double-Bit Axe |
| 10:33 | Crear | Villager (Male) |
| 10:49 | Crear | Villager (Male) |
| 10:55 | Construir | House |
| 11:16 | Construir | Farm |
| 11:18 | Construir | Farm |
| 11:23 | Crear | Villager (Male) |
| 11:30 | Crear | Villager (Male) |
| 11:38 | Construir | Farm |
| 11:57 | Crear | Villager (Male) |
| 12:00 | Construir | Farm |
| 12:31 | Construir | Mining Camp |
| 12:39 | Crear | Villager (Male) |
| 12:57 | Construir | Blacksmith |
| 13:01 | Construir | House |
| 13:07 | Crear | Villager (Male) |
| 13:15 | Construir | House |
| 13:22 | Construir | Stone Wall |
| 13:26 | Construir | House |
| 13:29 | Crear | Villager (Male) |
| 13:55 | Construir | Mining Camp |
| 14:00 | Crear | Villager (Male) |
| 14:26 | Construir | Farm |
| 14:29 | Investigar | Castle Age |
| 14:29 | Investigar | Castle Age |
| 15:26 | Construir | Barracks |
| 15:31 | Investigar | Scale Mail Armor |
| 15:33 | Construir | House |
| 15:46 | Construir | Lumber Camp |
| 17:02 | Investigar | Fletching |
| 17:09 | Edad | Edad de los Castillos |
| 17:16 | Construir | Town Center |
| 17:18 | Crear | Fire Lancer |
| 17:18 | Crear | Fire Lancer |
| 17:20 | Crear | Villager (Male) |
| 17:20 | Crear | Villager (Male) |
| 17:29 | Investigar | Bow Saw |
| 17:29 | Investigar | Bow Saw |
| 17:46 | Investigar | Squires |
| 18:17 | Crear | Villager (Male) |
| 18:18 | Crear | Villager (Male) |
| 18:40 | Construir | House |
| 18:49 | Crear | Villager (Male) |
| 18:49 | Crear | Villager (Male) |
| 18:54 | Crear | Villager (Male) |
| 19:03 | Construir | Castle |
| 19:11 | Crear | Villager (Male) |
| 19:16 | Construir | Farm |
| 19:19 | Construir | Farm |
| 19:34 | Construir | Watch Tower |
| 19:45 | Crear | Villager (Male) |
| 19:45 | Crear | Villager (Male) |
| 19:48 | Construir | Farm |
| 19:50 | Construir | Farm |
| 20:02 | Construir | Stone Wall |
| 20:23 | Crear | Villager (Male) |
| 20:23 | Crear | Villager (Male) |
| 20:26 | Construir | Farm |
| 20:30 | Construir | Farm |
| 20:37 | Crear | Villager (Male) |
| 20:37 | Crear | Villager (Male) |
| 20:48 | Construir | Farm |
| 20:50 | Construir | Farm |
| 20:55 | Crear | Villager (Male) |
| 20:55 | Crear | Villager (Male) |
| 21:02 | Construir | Farm |
| 21:05 | Crear | Villager (Male) |
| 21:18 | Crear | Villager (Male) |
| 21:18 | Crear | Villager (Male) |
| 21:26 | Construir | Farm |
| 21:30 | Construir | Farm |
| 21:30 | Crear | Villager (Male) |
| 21:33 | Crear | Villager (Male) |
| 21:33 | Crear | Villager (Male) |
| 21:46 | Construir | Watch Tower |
| 21:55 | Construir | Watch Tower |
| 22:00 | Crear | Villager (Male) |
| 22:00 | Crear | Villager (Male) |
| 22:01 | Crear | Villager (Male) |
| 22:08 | Construir | Farm |
| 22:10 | Crear | Villager (Male) |
| 22:29 | Construir | Watch Tower |
| 22:30 | Crear | Villager (Male) |
| 22:30 | Crear | Villager (Male) |
| 22:30 | Crear | Villager (Male) |
| 22:50 | Construir | Watch Tower |
| 22:54 | Crear | Villager (Male) |
| 22:54 | Crear | Villager (Male) |
| 23:02 | Crear | Villager (Male) |
| 23:02 | Crear | Villager (Male) |
| 23:11 | Crear | Villager (Male) |
| 23:16 | Construir | Market |
| 23:46 | Construir | Farm |
| 23:47 | Crear | Villager (Male) |
| 23:48 | Crear | Villager (Male) |
| 24:05 | Construir | Mining Camp |
| 24:14 | Crear | Villager (Male) |
| 24:24 | Construir | Town Center |
| 24:25 | Crear | Villager (Male) |
| 24:26 | Crear | Villager (Male) |
| 24:36 | Investigar | Horse Collar |
| 24:39 | Construir | Farm |
| 24:40 | Construir | Farm |
| 24:46 | Crear | Villager (Male) |
| 24:47 | Crear | Villager (Male) |
| 24:47 | Crear | Villager (Male) |
| 24:56 | Construir | Farm |
Cronología de la partida
| 3:40 | Beauvéro · wall_segment Palisade Wall x3 |
| 8:16 | Beauvéro · first_building Barracks |
| 8:54 | Beauvéro · age_up feudal |
| 9:11 | DS_VARVAGOD · age_up feudal |
| 10:13 | Beauvéro · first_building Archery Range |
| 10:51 | DS_VARVAGOD · wall_segment Palisade Wall x7 |
| 10:52 | DS_VARVAGOD · wall_segment Palisade Wall x8 |
| 12:49 | DS_VARVAGOD · wall_segment Palisade Wall x7 |
| 12:52 | DS_VARVAGOD · wall_segment Palisade Wall x8 |
| 13:22 | Beauvéro · wall_segment Stone Wall x1 |
| 13:39 | DS_VARVAGOD · wall_segment Palisade Wall x10 |
| 13:43 | DS_VARVAGOD · wall_segment Palisade Wall x2 |
| 13:44 | DS_VARVAGOD · wall_segment Palisade Wall x1 |
| 13:46 | DS_VARVAGOD · wall_segment Palisade Wall x11 |
| 16:48 | DS_VARVAGOD · wall_segment Palisade Wall x4 |
| 16:52 | DS_VARVAGOD · wall_segment Palisade Wall x2 |
| 16:54 | DS_VARVAGOD · wall_segment Palisade Wall x11 |
| 16:55 | DS_VARVAGOD · wall_segment Palisade Wall x1 |
| 16:56 | DS_VARVAGOD · wall_segment Palisade Wall x9 |
| 17:09 | Beauvéro · age_up castle |
| 18:58 | DS_VARVAGOD · first_building Barracks |
| 19:03 | Beauvéro · first_building Castle |
| 19:34 | DS_VARVAGOD · first_building Archery Range |
| 20:02 | Beauvéro · wall_segment Stone Wall x1 |
| 20:54 | DS_VARVAGOD · wall_segment Palisade Wall x1 |
| 22:44 | DS_VARVAGOD · age_up castle |
| 24:32 | DS_VARVAGOD · first_building Castle |
| 25:50 | DS_VARVAGOD · first_market_sell 100 stone |
| 28:38 | Beauvéro · wall_segment Stone Wall x1 |
| 28:55 | Beauvéro · first_market_sell 100 wood |
| 29:19 | DS_VARVAGOD · first_building Monastery |
| 29:31 | DS_VARVAGOD · age_up imperial |
| 30:34 | DS_VARVAGOD · first_market_buy 100 wood |
| 32:13 | Beauvéro · age_up imperial |
| 33:40 | Beauvéro · first_market_buy 100 wood |
| 34:20 | Beauvéro · first_building Siege Workshop |
| 50:13 | DS_VARVAGOD · resign |
[ ANÁLISIS IA · 1 CRÉDITO ]
¿Qué pasó realmente en esta partida?
Wolo.gg analiza cada decisión: build order, eco, micro, errores típicos por bracket. Análisis personalizado por WhatsApp o Discord en 30 segundos.
Guía civ
Mapuche
Perfil
DS_Santi